 Dungeon Crawl Stone Soup version 0.26.1-11-gd32895ea62 (webtiles) character file.

Game seed: 16676079398259364574

11877 jlumianski the Thaumaturge (level 11, -9/86 HPs)
             Began as a Gnoll Warper on June 18, 2021.
             Was the Champion of Okawaru.
             Killed from afar by a tengu reaver (44 damage)
             ... with a bolt of magma
             ... on level 12 of the Dungeon on June 20, 2021.
             The game lasted 01:29:58 (14034 turns).

jlumianski the Thaumaturge (Gnoll Warper)          Turns: 14034, Time: 01:29:58

Health: -9/86      AC: 13    Str: 15    XL:     11   Next: 84%
Magic:  20/23      EV: 19    Int: 31    God:    Okawaru [******]
Gold:   679        SH:  0    Dex: 20    Spells: 8/26 levels left

rFire    x . .     SeeInvis .   V - +10 demon blade of Plog {venom, rElec Will+}
rCold    . . .     Faith    +   (no shield)
rNeg     + + +     Spirit   .   C - +0 robe of Taugraogh {rF- rN+++ Regen+ Int+7}
rPois    .         Reflect  .   i - +2 helmet
rElec    +         Harm     .   M - +1 cloak
rCorr    .         Rampage  .   O - +2 pair of gloves
Will     +....                  h - +1 pair of boots
Stlth    ++++......             Q - amulet of faith
HPRegen  0.64/turn              T - +6 ring of dexterity
MPRegen  0.18/turn              f - +6 ring of intelligence

@: lethally poisoned (-9 -> -9)
A: distributed training, fangs 1, strong nose
a: Renounce Religion, Heroism, Finesse


You were on level 12 of the Dungeon.
You worshipped Okawaru.
Okawaru was exalted by your worship.
You visited 2 branches of the dungeon, and saw 13 of its levels.

You collected 679 gold pieces.

Inventory:

Hand Weapons
 a - a +1 hand axe
 m - a +2 scimitar of electrocution
 p - a +0 hunting sling
 w - a +2 glaive of venom
 G - a +1 trident of venom
 J - a cursed +2 battleaxe
 V - the +10 demon blade of Plog (weapon) {venom, rElec Will+}
   (Okawaru gifted it to you on level 11 of the Dungeon)

   It poisons the flesh of those it strikes.
   It insulates you from electricity.
   It affects your willpower, your defense against some magical effects.
 Y - a +1 long sword of holy wrath
Missiles
 e - 5 boomerangs of dispersal
 j - 358 stones
 E - 17 boomerangs (quivered)
 W - 4 throwing nets
Armour
 h - a +1 pair of boots (worn)
 i - a +2 helmet (worn)
 C - the +0 robe of Taugraogh (worn) {rF- rN+++ Regen+ Int+7}
   (You found it on level 4 of the Dungeon)

   It affects your intelligence (+7).
   It makes you vulnerable to fire.
   It renders you almost immune to negative energy.
   It increases your rate of regeneration.
 I - a +1 ring mail of cold resistance
 K - a +0 troll leather armour
 M - a +1 cloak (worn)
 O - a +2 pair of gloves (worn)
 X - a +1 pair of gloves
 Z - the +1 plate armour "Veworalirghi" {Dex+7, unknown}
   (Okawaru gifted it to you on level 12 of the Dungeon)

   It affects your dexterity (+7).
Jewellery
 f - a +6 ring of intelligence (right hand)
 n - an uncursed ring of protection from cold
 t - an uncursed ring of stealth
 B - an uncursed ring of protection from fire
 Q - an amulet of faith (around neck)
 S - an uncursed ring of protection from fire
 T - a +6 ring of dexterity (left hand)
Wands
 s - a wand of disintegration (28)
 z - a wand of paralysis (5)
 A - a wand of digging (9)
 H - a wand of iceblast (9)
 L - a wand of random effects (38)
Scrolls
 d - 4 scrolls of blinking
 g - 2 scrolls of fear
 y - 4 scrolls of teleportation
 F - 2 scrolls of fog
 P - a scroll of enchant weapon
 R - 2 scrolls of magic mapping
 U - a scroll of amnesia
Potions
 b - a potion of heal wounds {unknown}
 c - a potion of degeneration {unknown}
 k - a potion of invisibility
 l - a potion of flight {unknown}
 o - a potion of mutation {unknown}
 q - 2 potions of might
 r - a potion of curing
 u - a potion of resistance {unknown}
 v - a potion of lignification {unknown}
 x - a potion of berserk rage {unknown}
 D - a potion of brilliance
 N - a potion of magic


   Skills:
 + Level 8.2 Fighting
 + Level 6.6 Short Blades
 + Level 6.6 Long Blades
 + Level 8.2 Axes
 + Level 6.6 Maces & Flails
 + Level 6.6 Polearms
 + Level 6.6 Staves
 + Level 6.6 Slings
 + Level 6.6 Bows
 + Level 6.6 Crossbows
 + Level 7.2 Throwing
 + Level 7.2 Armour
 + Level 8.2 Dodging
 + Level 6.6 Stealth
 + Level 6.6 Shields
 + Level 6.6 Unarmed Combat
 + Level 8.4 Spellcasting
 + Level 5.5 Conjurations
 + Level 5.5 Hexes
 + Level 5.5 Summonings
 + Level 5.5 Necromancy
 + Level 7.9 Translocations
 + Level 5.5 Transmutations
 + Level 5.5 Fire Magic
 + Level 5.5 Ice Magic
 + Level 5.5 Air Magic
 + Level 5.5 Earth Magic
 + Level 5.5 Poison Magic
 + Level 7.3 Invocations
 + Level 6.6 Evocations


You had 8 spell levels left.
You knew the following spells:

 Your Spells              Type           Power        Failure   Level
a - Blink                 Tloc           N/A          1%          2
b - Gell's Gravitas       Tloc           29%          1%          3
c - Lesser Beckoning      Tloc           29%          1%          3
d - Searing Ray           Conj           94%          1%          2
e - Iskenderun's Mystic   Conj/Tloc      53%          2%          4
f - Fulminant Prism       Conj/Hex       23%          4%          4

Your spell library contained the following spells:

 Spells                   Type           Power        Failure   Level
 Animate Skeleton         Necr           94%          1%          1
 Apportation              Tloc           100%         1%          1
 Corona                   Hex            52%          1%          1
 Magic Dart               Conj           100%         1%          1
 Summon Small Mammal      Summ           100%         1%          1
 Ensorcelled Hibernation  Hex/Ice        94%          1%          2
 Confusing Touch          Hex            47%          1%          3
 Dazzling Flash           Conj/Hex       94%          1%          3
 Teleport Other           Tloc           58%          1%          3
 Tukima's Dance           Hex            47%          1%          3
 Passage of Golubria      Tloc           N/A          1%          4


Dungeon Overview and Level Annotations

Branches:
Dungeon (12/15)            Temple (1/1) D:4            Lair (0/6) D:8
    Orc (0/2) D:10

Altars:
Ashenzari
Cheibriados
Dithmenos
Elyvilon
Fedhas
Gozag
Hepliaklqana
Kikubaaqudgha
Makhleb
Nemelex Xobeh
Okawaru
Qazlal
Ru
Sif Muna
Trog
Uskayaw
Vehumet
Wu Jian
Xom
Yredelemnul
Zin
The Shining One
Beogh

Shops:
D:7 =

Annotations:
D:3 2 transporters, PaiMei's ghost, amateur DsNe
D:4 Duvessa
D:6 4 runed translucent doors, oc3rt's ghost, novice KoHu; opiate666's ghost, novice HuGl; vvl's ghost, novice HuBe


Innate Abilities, Weirdness & Mutations

Your experience applies equally to all skills.
You have very sharp teeth.
Your uncanny sense of smell can sniff out nearby items.


Message History

Your bite misses the tengu reaver.
The tengu reaver is heavily wounded.
You feel sick.
You slash the tengu reaver!
The tengu reaver looks as sick as possible!
The tengu reaver is heavily wounded.
The tengu reaver completely misses you.
The tengu reaver pecks you but does no damage.
The tengu reaver claws you but does no damage.
The tengu reaver blocks your attack.
The tengu reaver is heavily wounded.
You feel sick.
The tengu reaver hits you with a +3 broad axe!
The tengu reaver pecks you. The tengu reaver completely misses you.
You feel sick.
You feel sick.
The tengu reaver points at you and mumbles some strange words.
The bolt of magma hits you!!! The lava burns you terribly!
Ouch! That really hurt!
You die...

♣♣.♣♣ ♣.♣......†..♣.♣#.≈≈≈.#
#♣...♣#♣.♣.♣♣♣♣♣♣♣.♣.♣#.≈≈≈.#
#.....#♣.♣.♣#####♣.♣.♣#.≈≈≈.#
#.PPP.#♣.♣.♣....#♣.♣.♣#♣)≈≈♣#
#.P≈P....♣.♣O#''#♣.♣....≈≈≈.#
#.PPP.#♣♣♣.♣H#Q*#♣.♣.♣#♣≈≈≈♣#
#.....# ♣.♣.#).#♣.♣.♣ .≈≈≈.#
#♣...♣# ♣.♣.####♣.♣.♣ .≈≈≈.#
♣♣.♣♣ ♣.♣HQ.@..)♣.♣#.≈≈≈.# ♣.♣
♣.♣♣♣♣♣♣♣♣♣.♣#.≈≈≈.# ♣.♣
♣...........♣#♣.≈.♣#.## ♣.♣
♣♣♣♣♣.♣♣♣♣♣♣♣ ♣.♣♣#... ♣.♣####
##### #### #♣.♣#####
♣.≈≈≈≈♣♣♣##.>.##♣...♣♣†..♣♣...
♣≈P♣♣♣≈P♣#.....#.♣ ♣..♣♣♣..♣ ♣
♣P≈♣ ♣P≈.∩.....∩.♣ ♣..♣ ♣..♣ ♣
♣≈≈≈≈
♣♣≈♣#.....#.♣♣♣..♣♣♣..♣♣♣


You could see a tengu reaver (very poisoned) and a harpy shaped shifter.

Vanquished Creatures
  A boulder beetle (D:11)
  An unseen horror (D:12)
  A cyclops (D:12)
  A deep elf mage (D:12)
  2 gargoyles
  2 komodo dragons
  A meliai (D:12)
  A hornet (D:12)
  3 trolls
  A wyvern (D:9)
  2 wraiths (D:12)
  Eustachio (D:5)
  An acid dragon (D:11)
  2 soldier ants (D:9)
  3 wargs
  A water moccasin (D:11)
  8 orc warriors
  4 ice beasts
  8 ogres
  3 eyes of draining
  4 phantoms
  7 centaurs
  4 big kobolds
  5 bullfrogs
  2 gnoll sergeants
  4 scorpions
  Dowan (D:5)
  An electric eel (D:12)
  9 wights
  A howler monkey (D:12)
  A centaur zombie (D:5)
  A quasit (D:7)
  3 jellies
  10 orc priests
  4 hounds
  16 orc wizards
  4 centaur skeletons
  A bullfrog skeleton (D:10)
  3 iguanas
  2 worker ants
  A hound zombie (D:9)
  A hound skeleton (D:6)
  A howler monkey zombie (D:5)
  A worker ant zombie (D:6)
  2 howler monkey skeletons
  13 adders
  14 gnolls
  2 shadow imps
  4 white imps
  An ooze (D:2)
  An adder zombie (D:6)
  2 adder skeletons
  A worm (D:2)
  3 dart slugs (D:1)
  5 leopard geckos
  52 orcs
  4 goblins
  8 hobgoblins
  9 jackals
  19 kobolds
  3 quokkas
  A ball python (D:7)
  5 bats
  5 frilled lizards
  2 jackal skeletons
  9 rats
299 creatures vanquished.

Vanquished Creatures (others)
  An orc wizard (D:9)
  13 fulminant prisms
  4 withered plants (D:6)
18 creatures vanquished.

Grand Total: 317 creatures vanquished

Notes
Turn   | Place    | Note
-------+----------+-------------------------------------------
     0 | D:1      | jlumianski the Gnoll Warper began the quest for the Orb.
     0 | D:1      | Reached XP level 1. HP: 20/20 MP: 6/6
   186 | D:1      | Reached XP level 2. HP: 23/26 MP: 7/7
   363 | D:1      | Learned a level 2 spell: Blink
   435 | D:1      | Reached XP level 3. HP: 29/31 MP: 9/9
   450 | D:1      | Learned a level 3 spell: Gell's Gravitas
   454 | D:1      | Learned a level 3 spell: Lesser Beckoning
   520 | D:1      | Reached skill level 5 in Spellcasting
   916 | D:2      | Reached skill level 1 in Invocations
  1049 | D:2      | Reached skill level 1 in Short Blades
  1049 | D:2      | Reached skill level 1 in Long Blades
  1049 | D:2      | Reached skill level 1 in Maces & Flails
  1049 | D:2      | Reached skill level 1 in Polearms
  1049 | D:2      | Reached skill level 1 in Staves
  1049 | D:2      | Reached skill level 1 in Slings
  1049 | D:2      | Reached skill level 1 in Bows
  1049 | D:2      | Reached skill level 1 in Crossbows
  1049 | D:2      | Reached skill level 1 in Stealth
  1049 | D:2      | Reached skill level 1 in Shields
  1049 | D:2      | Reached skill level 1 in Unarmed Combat
  1049 | D:2      | Reached skill level 1 in Evocations
  1187 | D:2      | Reached XP level 4. HP: 33/38 MP: 11/11
  1351 | D:2      | Found a faded altar of an unknown god.
  1786 | D:3      | Found a transporter.
  1812 | D:3      | Found a transporter.
  1823 | D:3      | Noticed PaiMei's ghost (amateur DsNe)
  2028 | D:3      | Reached skill level 1 in Conjurations
  2028 | D:3      | Reached skill level 1 in Hexes
  2028 | D:3      | Reached skill level 1 in Summonings
  2028 | D:3      | Reached skill level 1 in Necromancy
  2028 | D:3      | Reached skill level 1 in Transmutations
  2028 | D:3      | Reached skill level 1 in Fire Magic
  2028 | D:3      | Reached skill level 1 in Ice Magic
  2028 | D:3      | Reached skill level 1 in Air Magic
  2028 | D:3      | Reached skill level 1 in Earth Magic
  2028 | D:3      | Reached skill level 1 in Poison Magic
  2447 | D:4      | Found a staircase to the Ecumenical Temple.
  2475 | Temple   | Entered the Ecumenical Temple
  2532 | Temple   | Became a worshipper of Warmaster Okawaru
  2741 | D:4      | Reached XP level 5. HP: 25/43 MP: 3/12
  2966 | D:4      | Noticed a phantom
  3235 | D:4      | Noticed an ogre
  3254 | D:4      | Killed an ogre
  3255 | D:4      | Reached skill level 5 in Fighting
  3255 | D:4      | Reached skill level 5 in Axes
  3255 | D:4      | Reached skill level 5 in Dodging
  3255 | D:4      | Reached XP level 6. HP: 51/51 MP: 7/14
  3399 | D:4      | Reached * piety under Okawaru
  3478 | D:4      | You fall into a shaft and drop 2 floors!
  3515 | D:5      | Entered Level 5 of the Dungeon
  3780 | D:4      | Killed a phantom
  3781 | D:4      | Reached XP level 7. HP: 44/56 MP: 15/15
  4041 | D:4      | Got a thick robe
  4584 | D:5      | Noticed Dowan
  4585 | D:5      | Noticed Duvessa
  4608 | D:5      | Killed Dowan
  5443 | D:5      | Noticed Eustachio
  5480 | D:5      | Killed Eustachio
  5759 | D:6      | Reached XP level 8. HP: 38/63 MP: 9/16
  6092 | D:6      | Reached ** piety under Okawaru
  6158 | D:6      | Learned a level 2 spell: Searing Ray
  6265 | D:6      | Found a runed translucent gate.
  6265 | D:6      | Found a runed translucent gate.
  6265 | D:6      | Found a runed translucent gate.
  6267 | D:6      | Noticed oc3rt's ghost (novice KoHu)
  6267 | D:6      | Noticed opiate666's ghost (novice HuGl)
  6267 | D:6      | Noticed vvl's ghost (novice HuBe)
  6387 | D:6      | Found a glowing golden altar of the Shining One.
  6387 | D:6      | Found a runed translucent door.
  6387 | D:6      | Noticed an angel
  7654 | D:7      | Reached XP level 9. HP: 69/69 MP: 8/18
  8105 | D:7      | Identified the +0 robe of Taugraogh {rF- rN+++ Regen+
                  | Int+7} (You found it on level 4 of the Dungeon)
  8111 | D:7      | Learned a level 4 spell: Iskenderun's Mystic Blast
  8131 | D:7      | Found Hesagu's Jewellery Emporium.
  8636 | D:8      | Reached *** piety under Okawaru
  8852 | D:8      | Reached skill level 5 in Throwing
  8852 | D:8      | Reached skill level 5 in Armour
  9447 | D:8      | Found a staircase to the Lair.
  9649 | D:8      | Reached skill level 5 in Invocations
  9663 | D:8      | Found a snail-covered altar of Cheibriados.
  9714 | D:9      | Reached **** piety under Okawaru
 10002 | D:9      | Learned a level 4 spell: Fulminant Prism
 10051 | D:9      | Reached XP level 10. HP: 70/77 MP: 17/20
 10127 | D:9      | Reached skill level 5 in Short Blades
 10127 | D:9      | Reached skill level 5 in Long Blades
 10127 | D:9      | Reached skill level 5 in Maces & Flails
 10127 | D:9      | Reached skill level 5 in Polearms
 10127 | D:9      | Reached skill level 5 in Staves
 10127 | D:9      | Reached skill level 5 in Slings
 10127 | D:9      | Reached skill level 5 in Bows
 10127 | D:9      | Reached skill level 5 in Crossbows
 10127 | D:9      | Reached skill level 5 in Stealth
 10127 | D:9      | Reached skill level 5 in Shields
 10127 | D:9      | Reached skill level 5 in Unarmed Combat
 10127 | D:9      | Reached skill level 5 in Evocations
 10450 | D:9      | Reached ***** piety under Okawaru
 11254 | D:10     | Entered Level 10 of the Dungeon
 11430 | D:10     | Noticed a gargoyle
 11441 | D:10     | Killed a gargoyle
 11445 | D:10     | Received a gift from Okawaru
 12200 | D:10     | Found a staircase to the Orcish Mines.
 12210 | D:10     | Found a roughly hewn altar of Beogh.
 12479 | D:11     | Reached XP level 11. HP: 75/84 MP: 11/22
 12965 | D:11     | Reached skill level 5 in Conjurations
 12965 | D:11     | Reached skill level 5 in Hexes
 12965 | D:11     | Reached skill level 5 in Summonings
 12965 | D:11     | Reached skill level 5 in Necromancy
 12965 | D:11     | Reached skill level 5 in Transmutations
 12965 | D:11     | Reached skill level 5 in Fire Magic
 12965 | D:11     | Reached skill level 5 in Ice Magic
 12965 | D:11     | Reached skill level 5 in Air Magic
 12965 | D:11     | Reached skill level 5 in Earth Magic
 12965 | D:11     | Reached skill level 5 in Poison Magic
 13189 | D:11     | Noticed a boulder beetle
 13198 | D:11     | Killed a boulder beetle
 13373 | D:11     | Received a gift from Okawaru
 13376 | D:11     | Got a pitted demon blade {god gift}
 13378 | D:11     | Identified the +10 demon blade of Plog {venom, rElec Will+}
                  | (Okawaru gifted it to you on level 11 of the Dungeon)
 13547 | D:12     | Noticed a cyclops
 13557 | D:12     | Killed a cyclops
 13815 | D:12     | Killed an unseen horror
 13966 | D:12     | Noticed a deep elf mage
 13972 | D:12     | Killed a deep elf mage
 13997 | D:12     | Received a gift from Okawaru
 13997 | D:12     | Reached ****** piety under Okawaru
 14000 | D:12     | Got a jewelled plate armour {god gift}
 14015 | D:12     | Noticed a tengu reaver
 14025 | D:12     | Noticed a harpy
 14025 | D:12     | a raiju changed into a harpy
 14034 | D:12     | Killed from afar by a tengu reaver

Illustrated notes

Levels and vault maps discovered:
D:1:      minmay_arrival_hallway, layout_basic
D:2:      layout_basic, chequers_ecumenical_altar_island, minmay_pentomino_v4
D:3:      layout_loops_ring, gammafunk_ghost_stat_death, st_stairs_11
D:4:      layout_gridville, temple_pool_b
D:5:      layout_rooms, minmay_tree_intersection, uniq_duvessa, uniq_eustachio
D:6:      layout_basic, gammafunk_ghost_cemetery, lemuel_angel_altar
D:7:      layout_loops_corners, serial_shops, shop
D:8:      layout_cave_pools, lemuel_coloured_pillars_altar,
          erik_lair_orcish_takeover
D:9:      layout_cave_pods, hangedman_pestilent_swarm
D:10:     layout_loops_ring, minmay_orc_entry_temple_small
D:11:     layout_loops_ring
D:12:     nzn_winding_woodlands_stair_trap [nzn_winding_woodlands_5x15_zeroes,
          nzn_winding_woodlands_5x15_lazy_stream,
          nzn_winding_woodlands_5x15_river_crossing,
          nzn_winding_woodlands_15x15_boxy_spiral,
          nzn_winding_woodlands_5x15_garden, nzn_winding_woodlands_5x15_eye,
          nzn_winding_woodlands_5x15_default], layout_basic, special_room
          [special_room_orc]
Temple:   kilobyte_greek_temple

Skill      XL: |  1  2  3  4  5  6  7  8  9 10 11 |
---------------+----------------------------------+-----
Spellcasting   | 5 6 7 8 |  8.4
Invocations    | 1 2 3 4 5 6 7 |  7.3
Short Blades   | 1 2 3 4 5 6 |  6.6
Long Blades    | 1 2 3 4 5 6 |  6.6
Maces & Flails | 1 2 3 4 5 6 |  6.6
Polearms       | 1 2 3 4 5 6 |  6.6
Staves         | 1 2 3 4 5 6 |  6.6
Slings         | 1 2 3 4 5 6 |  6.6
Bows           | 1 2 3 4 5 6 |  6.6
Crossbows      | 1 2 3 4 5 6 |  6.6
Stealth        | 1 2 3 4 5 6 |  6.6
Shields        | 1 2 3 4 5 6 |  6.6
Unarmed Combat | 1 2 3 4 5 6 |  6.6
Evocations     | 1 2 3 4 5 6 |  6.6
Conjurations   | 1 2 3 4 5 |  5.5
Hexes          | 1 2 3 4 5 |  5.5
Summonings     | 1 2 3 4 5 |  5.5
Necromancy     | 1 2 3 4 5 |  5.5
Transmutations | 1 2 3 4 5 |  5.5
Fire Magic     | 1 2 3 4 5 |  5.5
Ice Magic      | 1 2 3 4 5 |  5.5
Air Magic      | 1 2 3 4 5 |  5.5
Earth Magic    | 1 2 3 4 5 |  5.5
Poison Magic   | 1 2 3 4 5 |  5.5
Throwing       | 3 4 5 6 7 |  7.2
Armour         | 3 4 5 6 7 |  7.2
Fighting       | 5 6 7 8 |  8.2
Axes           | 5 6 7 8 |  8.2
Dodging        | 5 6 7 8 |  8.2
Translocations | 6 7 |  7.9

Action                   |  1- 3 |  4- 6 |  7- 9 | 10-12 || total
-------------------------+-------+-------+-------+-------++-------
Melee: Hand axe          |    99 |    83 |   159 |       ||   341
       Bite              |     7 |     6 |    37 |    31 ||    81
       Punch             |       |     1 |     7 |     5 ||    13
       Trident           |       |       |   169 |    24 ||   193
       Scimitar          |       |       |    18 |    55 ||    73
       Glaive            |       |       |       |    91 ||    91
       Demon blade       |       |       |       |    72 ||    72
 Fire: Hunting sling     |       |    95 |    83 |       ||   178
Throw: Stone             |     3 |       |       |       ||     3
       Boomerang         |       |       |    20 |    52 ||    72
 Cast: Gell's Gravitas   |       |     7 |    32 |     2 ||    41
       Blink             |       |     4 |    20 |    14 ||    38
       Searing Ray       |       |       |     6 |    28 ||    34
       Iskenderun's Myst |       |       |     9 |       ||     9
       Fulminant Prism   |       |       |     1 |    12 ||    13
Invok: Heroism           |       |       |     1 |       ||     1
Evoke: Wand              |       |       |     3 |     1 ||     4
  Use: Scroll            |     3 |     8 |    12 |     2 ||    25
       Potion            |     1 |     3 |       |     3 ||     7
 Stab: Invisible         |     1 |       |       |       ||     1
       Sleeping          |       |     2 |     2 |    10 ||    14
       Paralysed         |       |       |     3 |       ||     3
       Distracted        |       |       |       |     1 ||     1
Armor: Leather armour    |    25 |    18 |     6 |       ||    49
       Ring mail         |       |       |    76 |       ||    76
       Robe              |       |       |    49 |    86 ||   135
Dodge: Dodged            |    64 |    52 |   350 |   218 ||   684
       Rpst.: Scimitar   |       |       |     3 |    18 ||    21
       Demon blade       |       |       |       |    14 ||    14
